 Dungeon Crawl Stone Soup version 0.31-a0-1-g4198be8af4 (webtiles) character file.

Game seed: 16228675601912308092

121 BubbleThief the Firebug (level 5, -1/49 HPs)
             Began as a Naga Cinder Acolyte on Apr 30, 2023.
             Was a High Priest of Ignis.
             Slain by a steam dragon (10 damage)
             ... on level 4 of the Dungeon on May 1, 2023.
             The game lasted 00:04:17 (2834 turns).

BubbleThief the Firebug (Naga Cinder Acolyte)       Turns: 2834, Time: 00:04:18

Health: -1/49      AC:  2    Str: 16    XL:     5   Next: 5%
Magic:  0/9        EV:  9    Int: 17    God:    Ignis [*****.]
Gold:   195        SH:  5    Dex:  6    Spells: 3/9 levels left

rFire   + . .        a - -1 mace (flame)
rCold   . . .        (no shield)
rNeg    . . .        b - +0 robe
rPois   +            (no helmet)
rElec   .            (no cloak)
rCorr   +            (no gloves)
SInv    +            (no barding)
Will    .....        r - amulet of reflection
Stlth   +            p - ring of resist corrosion
HPRegen 0.28/turn    (no ring)
MPRegen 0.11/turn

%: reflection
@: short of breath, very slow
A: AC +1, large, see invisible, deformed body, poison resistance, slowness 2,
spit poison 1, naga tail 1
a: Spit Poison, Renounce Religion, Fiery Armour, Foxfire Swarm, Rising Flame


You were on level 4 of the Dungeon.
You worshipped Ignis.
Ignis was extremely pleased with you.
You visited 1 branch of the dungeon, and saw 4 of its levels.

You collected 195 gold pieces.

Inventory:

Hand Weapons
 a - a -1 mace of flaming (weapon)
Missiles
 c - 2 curare-tipped darts
Armour
 b - a +0 robe (worn)
Jewellery
 p - a ring of resist corrosion (left hand)
 r - an amulet of reflection (around neck)
Scrolls
 d - 5 scrolls of identify {unknown}
 e - a scroll of fog {unknown}
 f - a scroll of magic mapping {unknown}
 g - a scroll of silence {unknown}
 h - 2 scrolls of immolation {unknown}
 i - a scroll of poison {unknown}
 l - a scroll of enchant weapon {unknown}
 s - a scroll of blinking {unknown}
Potions
 j - a potion of curing
 k - 2 potions of brilliance {unknown}
 m - a potion of mutation {unknown}
 n - 2 potions of might {unknown}
 o - 5 potions of heal wounds {unknown}
 q - 2 potions of attraction {unknown}


   Skills:
 - Level 3.2 Fighting
 - Level 3.2 Maces & Flails
 + Level 2.9 Spellcasting
 * Level 0.0 Conjurations
 + Level 4.1 Fire Magic


You had 3 spell levels left.
You knew the following spells:

 Your Spells              Type           Power      Damage    Failure   Level
a - Scorch                Fire           32%        2d6       4%          2
b - Sticky Flame          Conj/Fire      9%         2d3       58%         4

Your spell library contained the following spells:

 Spells                   Type           Power      Damage    Failure   Level
 Apportation              Tloc           4%         N/A       19%         1
 Necrotise                Necr           8%         1d4       19%         1
 Summon Small Mammal      Summ           8%         N/A       19%         1
 Inner Flame              Hex/Fire       9%         N/A       22%         3
 Ensorcelled Hibernation  Hex/Ice        4%         N/A       26%         2
 Passwall                 Tmut/Erth      1%         N/A       26%         2
 Swiftness                Air            2%         N/A       47%         3
 Tukima's Dance           Hex            2%         N/A       47%         3
 Flame Wave               Conj/Fire      9%         2d6       58%         4
 Passage of Golubria      Tloc           2%         N/A       87%         4
 Yara's Violent Unravell  Hex/Tmut       1%         3d3       99%         5


Dungeon Overview and Level Annotations

Branches:
Dungeon (4/15)
 Temple: D:4-7

Altars:
Ashenzari
Uskayaw

Shops:
D:1 (

Annotations:
D:3 1 runed translucent door, Buxus's ghost, amateur DrAE


Innate Abilities, Weirdness & Mutations

Your serpentine skin is tough. (AC +1)
You have supernaturally acute eyesight. (SInv)
Armour fits poorly on your strangely shaped body.
Your system is resistant to poisons. (rPois)
You cover ground very slowly.
You can spit poison.
You have a snake-like lower body.


Message History

The steam dragon bites you.
* * * LOW HITPOINT WARNING * * *
The steam dragon claws you but does no damage.
The steam dragon looks more healthy.
The steam dragon is no longer more vulnerable to fire.
Aiming: Spit Poison (1% risk of failure)
Press: ? - help, Shift-Dir - straight line, f/p - steam dragon
Aim: a steam dragon (heavily wounded, catching its breath, 59% to hit)
The splash of poison misses the steam dragon.
The steam dragon closely misses you.
The steam dragon claws you but does no damage.
Unknown command.
Unknown command.
You aren't carrying any items that you can evoke.
Okay, then.
It was a potion of curing.
You feel better.
The steam dragon bites you but does no damage.
The steam dragon barely misses you.
Casting: Scorch (safe; 4% risk of failure)
Confirm with . or Enter, or press ? or * to list all spells.
Flames lash the steam dragon.
The steam dragon is heavily wounded.
The steam dragon's fire resistance burns away.
You have got your breath back.
The steam dragon bites you but does no damage.
The steam dragon claws you.
* * * LOW HITPOINT WARNING * * *
A dart slug comes into view.
Aiming: Spit Poison (1% risk of failure)
Press: ? - help, Shift-Dir - straight line, f/p - steam dragon
Aim: a steam dragon (heavily wounded, more vulnerable to fire, 59% to hit)
The splash of poison hits the steam dragon but does no damage.
The steam dragon is poisoned.
The steam dragon is heavily wounded.
The steam dragon breathes steam at you. The ball of steam hits you. You resist.
* * * LOW HITPOINT WARNING * * *
Unknown command.
The steam dragon bites you!
You die...

#......
#.....#
##...w.#
#......#
##......# .#
#.......#
#)###.......#
#.#....§D§.#
#.....@§§.#
##....§§..##
##....§...#
#........#####
#.).#§........
#...###.......
#..## #.......
. #..#
#....... .
#..# #.......


You could see a steam dragon (poisoned, combustible) and a dart slug.

Vanquished Creatures
  A phantom (D:4)
  2 orcs
  An endoplasm (D:4)
  A giant cockroach (D:1)
  8 goblins
  2 hobgoblins (D:4)
  4 jackals
  6 kobolds
  A quokka (D:4)
  6 ball pythons
  4 bats
  4 frilled lizards
  5 rats
45 creatures vanquished.

Notes
Turn   | Place    | Note
-------+----------+-------------------------------------------
     0 | D:1      | BubbleThief the Naga Cinder Acolyte began the quest for the
                  | Orb.
     0 | D:1      | Reached XP level 1. HP: 21/21 MP: 2/2
   303 | D:1      | Found Gatedot's Antique Weapon Shoppe.
   321 | D:1      | Reached XP level 2. HP: 23/28 MP: 3/3
   346 | D:1      | Learned a level 2 spell: Scorch
  1263 | D:2      | Reached XP level 3. HP: 34/34 MP: 0/5
  1782 | D:3      | Found a runed translucent door.
  1782 | D:3      | Noticed Buxus's ghost (amateur DrAE)
  1996 | D:3      | Found a broken altar of Ashenzari.
  2598 | D:4      | Found a hide-covered altar of Uskayaw.
  2653 | D:4      | Noticed a phantom
  2734 | D:4      | Killed a phantom
  2735 | D:4      | Reached skill level 4 in Fire Magic
  2735 | D:4      | Reached XP level 4. HP: 26/42 MP: 0/8
  2735 | D:4      | Reached XP level 5. HP: 31/49 MP: 0/9
  2740 | D:4      | Learned a level 4 spell: Sticky Flame
  2815 | D:4      | Noticed a steam dragon
  2829 | D:4      | HP: 2/49 [steam dragon (1)]
  2834 | D:4      | Slain by a steam dragon

Illustrated notes

Levels and vault maps discovered:
D:1:      amcnicky_arrival_single_pillar, layout_loops_corners, serial_shops,
          shop
D:2:      layout_basic
D:3:      layout_loops_cross, evilmike_ruin_ashenzari,
          hellmonk_ghost_happy_afterlife
D:4:      layout_cave_pods, eat_drink_and_be_merry_uskayaw

Skill      XL: |  1  2  3 |
---------------+----------+-----
Spellcasting   | 2 |  2.9
Fire Magic     | 4 |  4.1
Fighting       | |  3.2
Maces & Flails | |  3.2

Action                     |  1- 3 |  4- 6 || total
---------------------------+-------+-------++-------
  Melee: Mace              |    41 |     3 ||    44
   Cast: Scorch            |    17 |     5 ||    22
Ability: Spit Poison       |    41 |     5 ||    46
    Use: Potion            |       |     1 ||     1
 Armour: Robe              |    16 |     6 ||    22
  Dodge: Dodged            |    31 |     3 ||    34
  Block: Other             |     1 |     1 ||     2

Table legend: (Time is in decaauts)
 A = Elapsed time spent in this place.
 B = Non-inter-level travel time spent in this place.
 C = Inter-level travel time spent in this place.
 D = Time resting spent in this place.
 E = Time spent auto-exploring this place.
 F = Levels seen in this place.
 G = Mean time per level.
                   A        B        C        D        E       F      G
               +--------+--------+--------+--------+--------+-----+--------+
         Total |   3711 |   3618 |     93 |      0 |   3254 |   4 |  927.8 |
       Dungeon |   3711 |   3618 |     93 |      0 |   3254 |   4 |  927.8 |
               +--------+--------+--------+--------+--------+-----+--------+

Top non-repeatable levels by time:
     D:1: 1511 daAuts
     D:3: 986 daAuts
     D:2: 797 daAuts
     D:4: 417 daAuts
